 Dungeon Crawl Stone Soup version 0.23.2-1-ga50397a (webtiles) character file.

Game seed: 5382087969269987029

1997 schauveau the Markscentaur (level 9, -2/67 HPs)
             Began as a Centaur Hunter on Apr 26, 2019.
             Killed from afar by Harold (12 damage)
             ... with a harpoon shot
             ... on level 6 of the Dungeon.
             The game lasted 00:08:49 (5196 turns).

schauveau the Markscentaur (Centaur Hunter)         Turns: 5196, Time: 00:08:49

Health: -2/67      AC:  4    Str: 21    XL:     9   Next: 2%
Magic:  9/9        EV:  9    Int: 10    God:
Gold:   152        SH:  0    Dex: 10    Spells: 8/8 levels left

rFire    . . .     SeeInvis .   a - +1 shortbow
rCold    . . .     Gourm    .   (shield currently unavailable)
rNeg     . . .     Faith    .   c - +0 leather armour
rPois    .         Spirit   .   (no helmet)
rElec    .         Reflect  .   (no cloak)
rCorr    .         Harm     .   (no gloves)
MR       .....     Rnd*Tele +   (no barding)
Stlth    +.........             (no amulet)
HPRegen  0.21/turn              g - ring of teleportation (curse)
MPRegen  0.11/turn              w - +3 ring of strength

@: marked, very quick
A: large, hooves 3, deformed body, speed 2, tough skin 3
a: no special abilities


You were on level 6 of the Dungeon.
You were not hungry.

You visited 1 branch of the dungeon, and saw 7 of its levels.

You collected 152 gold pieces.

Inventory:

Hand Weapons
 a - a +1 shortbow (weapon)
 b - a +0 falchion
 o - a +0 short sword
 C - a +2 whip of electrocution
Missiles
 d - 19 arrows (quivered)
Armour
 c - a +0 leather armour (worn)
Jewellery
 g - a cursed ring of teleportation (left hand)
 h - an uncursed ring of protection from fire
 w - a +3 ring of strength (right hand)
 A - an uncursed ring of stealth
Wands
 m - a wand of polymorph (8)
 n - a wand of flame (16)
 x - a wand of random effects (18)
 z - a wand of iceblast (7)
 B - a wand of acid (10)
Scrolls
 k - 2 scrolls of enchant weapon {unknown}
 q - 2 scrolls of enchant armour {unknown}
 r - a scroll of remove curse {unknown}
 s - 5 scrolls of teleportation
 u - a scroll of identify {unknown}
 y - a scroll of amnesia {unknown}
Potions
 e - 2 potions of curing
 i - a potion of brilliance {unknown}
 j - a potion of flight {unknown}
 l - a potion of heal wounds {unknown}
 p - a potion of haste {unknown}
 t - a potion of might {unknown}
 v - 2 potions of mutation {unknown}
Comestibles
 f - 7 rations


   Skills:
 - Level 2.0 Fighting
 * Level 15.2 Bows
 - Level 1.3 Dodging
 - Level 0.4 Stealth


You had 8 spell levels left.
You didn't know any spells.
Your spell library contained the following spells:

 Spells                   Type           Power        Failure   Level  Hunger
 Confusing Touch          Hex            #.....       41%         1    ##.....
 Magic Dart               Conj           #...         41%         1    ##.....
 Blink                    Tloc           N/A          54%         2    ###....
 Call Imp                 Summ           #.......     54%         2    ###....
 Slow                     Hex            #.......     54%         2    ###....
 Confuse                  Hex            #.......     78%         3    ####...
 Conjure Flame            Conj/Fire      #.......     78%         3    ####...
 Gell's Gravitas          Tloc           #.........   78%         3    ####...
 Mephitic Cloud           Conj/Pois/Air  #.......     78%         3    ####...
 Petrify                  Tmut/Erth      #.......     99%         4    #####..
 Metabolic Englaciation   Hex/Ice        #.........   100%        5    ######.
 Yara's Violent Unravell  Hex/Tmut       #.........   100%        5    ######.


Dungeon Overview and Level Annotations

Branches:
Dungeon (7/15)             Temple (0/1) D:7

Altars:
Ashenzari
Kikubaaqudgha
Nemelex Xobeh
Xom
Yredelemnul
Zin
The Shining One

Annotations:
D:6 Harold


Innate Abilities, Weirdness & Mutations

You have hooves in place of feet.
Armour fits poorly on your strangely shaped body.
You cover ground very quickly.
You have extremely tough skin. (AC +3)


Message History

There is a stone staircase leading down here.
Unknown command.
Harold closely misses you.
Firing (i - inventory)
d - 22 arrows (quivered)
Press: ? - help, Shift-Dir - straight line, f - Harold
Aim: Harold, wielding a +0 short sword and wearing a +3 scale mail of cold resistance (moderately wounded)
You shoot an arrow. The arrow barely misses Harold.
Firing (i - inventory)
d - 21 arrows (quivered)
Press: ? - help, Shift-Dir - straight line, f/p - Harold
Aim: Harold, wielding a +0 short sword and wearing a +3 scale mail of cold resistance (moderately wounded)
You shoot an arrow. The arrow closely misses Harold.
Firing (i - inventory)
d - 20 arrows (quivered)
Press: ? - help, Shift-Dir - straight line, f/p - Harold
Aim: Harold, wielding a +0 short sword and wearing a +3 scale mail of cold resistance (moderately wounded)
You shoot an arrow.
The arrow hits Harold but does no damage.
Harold is moderately wounded.
Harold points at you and mumbles some strange words.
The harpoon shot hits you!
You die...

...##...#......#,,,,..*
.#.##...'(.....#,,,,,.*
.#......#......#,,,,,,*
...##.###......###,,,,*
.#.##............#,,,,*
..............[..#,,,,*
##.##............#,,,,*
.................#,,,,*
.####).<........@#,,,,*
.####............#,,,,*
...........[.....#,,,,*
................@#,,,,*
.................##,,,*
##########'#......#,,,*
...........#......#,,,*
...........'....(.#,,,*
...........#......#,,,*


You could see Harold.

Vanquished Creatures
  Pikel (D:6)
  Grinder (D:6)
  An orc warrior (D:6)
  A sky beast (D:6)
  A slave (D:6)
  2 phantoms (D:6)
  3 ogres
  2 centaurs (D:6)
  2 bullfrogs (D:6)
  2 scorpions
  2 crimson imps
  3 jellies
  2 worker ants
  2 hound zombies (D:6)
  A hound skeleton (D:6)
  3 worker ant zombies
  2 adders (D:3)
  An ooze (D:5)
  An adder skeleton (D:5)
  A worm (D:4)
  A dart slug (D:2)
  A leopard gecko (D:3)
  10 orcs
  A bat (D:2)
  4 giant cockroaches
  3 goblins (D:1)
  3 hobgoblins (D:1)
  5 jackals
  A quokka (D:4)
  2 frilled lizards
  4 kobolds
  A leopard gecko skeleton (D:5)
  2 rats (D:1)
72 creatures vanquished.

Vanquished Creatures (others)
  A slave (D:6)
  A bullfrog (D:6)
  2 wights (D:6)
4 creatures vanquished.

Grand Total: 76 creatures vanquished

Notes
Turn   | Place    | Note
-------+----------+-------------------------------------------
     0 | D:1      | schauveau the Centaur Hunter began the quest for the Orb.
     0 | D:1      | Reached XP level 1. HP: 17/17 MP: 1/1
   252 | D:1      | Reached skill level 6 in Bows
   252 | D:1      | Reached XP level 2. HP: 24/24 MP: 2/2
   851 | D:3      | Reached skill level 7 in Bows
   851 | D:3      | Reached XP level 3. HP: 12/29 MP: 3/3
  1248 | D:3      | Found an ancient bone altar of Kikubaaqudgha.
  1283 | D:3      | Reached XP level 4. HP: 14/36 MP: 4/4
  1638 | D:4      | Found a sparkling altar of Nemelex Xobeh.
  1660 | D:4      | Reached skill level 8 in Bows
  1704 | D:5      | Entered Level 5 of the Dungeon
  1969 | D:4      | Noticed an ogre
  1998 | D:4      | Killed an ogre
  1998 | D:4      | Reached skill level 9 in Bows
  1998 | D:4      | Reached XP level 5. HP: 41/41 MP: 5/5
  2049 | D:4      | Found a shattered altar of Ashenzari.
  2247 | D:4      | HP: 2/41 [poisoned by a worker ant]
  2253 | D:4      | HP: 2/41 [poisoned by a worker ant]
  2656 | D:5      | Noticed an ogre
  2678 | D:5      | Killed an ogre
  2678 | D:5      | Reached XP level 6. HP: 16/48 MP: 6/6
  2897 | D:6      | Found a shimmering altar of Xom.
  2897 | D:6      | Found a glowing silver altar of Zin.
  2897 | D:6      | Noticed an angel
  2904 | D:5      | Reached skill level 10 in Bows
  3010 | D:5      | Found a sparkling altar of Nemelex Xobeh.
  3315 | D:6      | Reached skill level 11 in Bows
  3315 | D:6      | Reached XP level 7. HP: 42/55 MP: 7/7
  3398 | D:6      | Noticed Grinder
  3411 | D:6      | Killed Grinder
  3411 | D:6      | Reached skill level 12 in Bows
  3856 | D:6      | Reached XP level 8. HP: 59/61 MP: 8/8
  3986 | D:6      | Found a glowing golden altar of the Shining One.
  3991 | D:6      | Found a basalt altar of Yredelemnul.
  4075 | D:6      | Reached skill level 13 in Bows
  4124 | D:6      | Noticed Pikel
  4153 | D:6      | Killed Pikel
  4153 | D:6      | Reached skill level 14 in Bows
  4461 | D:6      | HP: 2/61 [centaur/arrow (11)]
  4773 | D:6      | Reached skill level 15 in Bows
  4962 | D:6      | Noticed an angel
  5057 | D:7      | Found a staircase to the Ecumenical Temple.
  5062 | D:7      | Noticed Harold
  5109 | D:6      | Reached XP level 9. HP: 28/67 MP: 9/9
  5196 | D:6      | Killed from afar by Harold

Skill      XL: |  1  2  3  4  5  6  7  8 |
---------------+-------------------------+-----
Bows           | 6 7 9 11 12 15 | 15.2
Fighting       | |  2.0
Dodging        | |  1.3
Stealth        | |  0.4

Action                   |  1- 3 |  4- 6 |  7- 9 || total
-------------------------+-------+-------+-------++-------
Melee: Short sword       |    68 |       |       ||    68
       Kick              |    14 |     9 |     5 ||    28
       Falchion          |    13 |    31 |    14 ||    58
 Fire: Shortbow          |     5 |    85 |   188 ||   278
  Use: Potion            |     1 |       |       ||     1
       Scroll            |       |       |     4 ||     4
  Eat: Ration            |     1 |     1 |     1 ||     3
       Chunk             |       |       |     1 ||     1
Armor: Leather armour    |    26 |    14 |    21 ||    61
Dodge: Dodged            |    47 |    21 |    30 ||    98
       Rpst.: Falchion   |     1 |     4 |     1 ||     6
